Map: [ESL] Amphion

Players

Clem - Winner!

  • Race: Terran Terran
  • Spawn Location: 11:00

MaxPax

  • Race: Protoss Protoss
  • Spawn Location: 7:00

Event: ESL SC2 Masters 2024 Spring (Regional)

VOD

Have the link to the VOD?

Description

Time

  • Played on: May 5, 2024, 11:05 a.m.
  • Length: 8:02

All games in this series

Show
View Real Time Build Order
Export as new Build Order

Clem Terran - Winner!

Build Orders:  

Get SALT Encoding   

  12  0:00  SCV  
  13  0:12  SCV  
  14  0:17  Supply Depot  
  14  0:24  SCV  
  15  0:39  SCV  
  15  0:41  Barracks  
  16  0:44  Refinery  
  16  0:51  SCV  
  17  1:03  SCV  
  18  1:15  SCV  
  19  1:28  Marine, Orbital Command  
  20  1:45  Command Center  
  20  1:47  Barracks Reactor  
  20  1:53  SCV  
  21  2:00  Barracks  
  21  2:06  Supply Depot  
  21  2:09  SCV  
  22  2:17  Factory  
  22  2:22  Marine  
  22  2:27  SCV, Marine  
  25  2:32  Refinery  
  25  2:39  SCV  
  25  2:41  Marine  
  27  2:45  Marine  
  27  2:48  Barracks Tech Lab  
  28  2:51  SCV  
  28  2:57  Orbital Command  
  29  3:01  Marine  
  29  3:03  Marine  
  31  3:09  Stimpack  
  31  3:14  Starport  
  31  3:18  Marine  
  31  3:23  Factory Reactor, Marine  
  31  3:26  SCV  
  31  3:27  Marine  
  31  3:30  SCV  
  33  3:36  Marine  
  33  3:40  SCV  
  35  3:41  Marine  
  35  3:42  SCV  
  35  3:45  Marine  
  35  3:47  Supply Depot  
  38  3:52  SCV  
  38  3:54  Marine  
  38  3:55  SCV  
  41  3:59  Marine  
  41  4:02  Medivac  
  44  4:03  Medivac  
  44  4:07  Marine  
  44  4:08  SCV  
  44  4:09  SCV  
  48  4:12  Marine  
  48  4:16  Supply Depot  
  48  4:18  Cyclone  
  48  4:20  Marine  
  48  4:22  SCV  
  48  4:23  SCV  
  53  4:30  Marine  
  53  4:31  Supply Depot  
  54  4:37  SCV, Marine  
  56  4:39  Marine  
  56  4:43  SCV  
  58  4:46  Engineering Bay  
  58  4:48  Combat Shield  
  58  4:49  Marine  
  58  4:50  SCV  
  58  4:53  Factory Tech Lab  
  58  4:55  SCV, Marine  
  58  4:56  Marine  
  61  5:01  Barracks  
  61  5:05  SCV, Supply Depot  
  62  5:08  Marine  
  62  5:09  SCV  
  59  5:16  Marine  
  59  5:17  SCV, Marine  
  62  5:22  SCV  
  62  5:23  Supply Depot  
  62  5:28  Factory Reactor  
  63  5:29  SCV  
  63  5:30  Marine  
  63  5:34  SCV, Supply Depot  
  63  5:35  Terran Infantry Weapons Level 1  
  66  5:37  Marauder  
  66  5:42  SCV  
  69  5:46  SCV  
  69  5:47  Refinery  
  70  5:52  Supply Depot, Marine x2  
  70  5:54  SCV  
  73  5:58  SCV  
  73  6:00  Marauder  
  73  6:01  Refinery  
  73  6:02  Marauder  
  78  6:06  Supply Depot  
  78  6:08  Medivac  
  80  6:14  Medivac  
  80  6:15  Marine x2  
  80  6:17  SCV x2  
  85  6:19  Widow Mine  
  85  6:22  Widow Mine  
  89  6:26  Supply Depot, Marauder  
  89  6:30  Concussive Shells, Marauder  
  89  6:32  SCV  
  94  6:33  SCV  
  94  6:36  Marine x2  
  97  6:44  SCV  
  97  6:45  Widow Mine x2  
  102  6:48  Medivac  
  102  6:49  Medivac  
  102  6:52  Marauder x2  
  110  6:57  Supply Depot, Marine x2  
  112  7:09  Command Center  
  112  7:12  Widow Mine  
  112  7:13  Widow Mine  
  117  7:15  Marauder  
  117  7:19  Marauder  
  117  7:21  Marine x2  
  112  7:25  Medivac  
  112  7:28  Medivac  
  109  7:36  Marine  
  105  7:38  Supply Depot x2  
  105  7:39  Widow Mine x2  
  105  7:40  Marine  
  105  7:43  Marine  
Show
View Real Time Build Order
Export as new Build Order

MaxPax Protoss 

Build Orders: 1 Gate Expand, Oracle Opening 

Get SALT Encoding   

  12  0:00  Probe  
  13  0:12  Probe  
  14  0:17  Pylon  
  14  0:24  Probe (Chrono Boost)  
  16  0:36  Probe (Chrono Boost)  
  16  0:37  Gateway  
  16  0:43  Probe (Chrono Boost)  
  16  0:46  Assimilator  
  17  0:51  Probe  
  18  1:03  Probe  
  19  1:15  Probe  
  20  1:24  Cybernetics Core  
  20  1:34  Nexus  
  20  1:36  Probe  
  21  1:43  Pylon  
  21  1:48  Probe  
  21  1:52  Assimilator  
  22  1:59  Adept (Chrono Boost)  
  22  2:00  Probe  
  25  2:13  Probe  
  26  2:19  Adept (Chrono Boost)  
  28  2:25  Probe  
  28  2:29  Stargate  
  29  2:35  Warp Gate  
  29  2:38  Probe (Chrono Boost)  
  30  2:45  Gateway  
  30  2:46  Probe (Chrono Boost)  
  32  2:55  Probe x2 (Chrono Boost), Adept  
  35  3:00  Probe (Chrono Boost)  
  35  3:01  Probe  
  37  3:12  Oracle (Chrono Boost), Probe  
  38  3:13  Probe  
  42  3:24  Probe  
  42  3:25  Probe  
  44  3:34  Twilight Council  
  44  3:36  Pylon  
  44  3:37  Probe x2  
  44  3:38  Gateway  
  46  3:54  Probe x2  
  48  4:04  Blink (Chrono Boost)  
  48  4:06  Probe x2  
  50  4:15  Pylon  
  50  4:18  Probe x2  
  50  4:19  Assimilator  
  52  4:30  Probe x2  
  54  4:34  Stalker x3  
  60  4:38  Nexus  
  60  4:40  Pylon x2  
  60  4:52  Shield Battery  
  60  4:57  Stalker  
  60  4:59  Stalker x2  
  65  5:01  Pylon  
  65  5:12  Nexus  
  65  5:13  Probe  
  57  5:22  Stalker x3  
  57  5:25  Probe x2  
  65  5:33  Pylon  
  65  5:37  Probe  
  65  5:38  Probe  
  67  5:49  Probe  
  68  5:50  Probe  
  68  5:52  Stalker x2  
  73  5:57  Stalker  
  73  5:58  Pylon  
  73  5:59  Pylon  
  73  6:01  Probe  
  73  6:02  Probe  
  77  6:06  Forge  
  77  6:13  Probe  
  77  6:14  Probe  
  79  6:19  Stalker x2  
  79  6:25  Probe, Shield Battery  
  84  6:26  Probe  
  84  6:27  Pylon  
  84  6:28  Probe  
  86  6:37  Probe  
  86  6:38  Probe  
  88  6:44  Stalker x2  
  88  6:46  Probe  
  90  6:50  Stalker  
  92  6:54  Gateway  
  92  6:57  Probe  
  93  7:01  Probe  
  84  7:11  Stalker x2  
  84  7:15  Probe  
  89  7:17  Gateway  
  89  7:18  Gateway  
  89  7:20  Gateway  
  85  7:25  Stalker  
  77  7:32  Probe  
  77  7:36  Probe  
  65  7:37  Stalker x2  
  65  7:40  Probe  
  52  7:45  Probe  
  52  7:47  Gateway  
Tags
 
Add a new tag
Caveats
  • Supply blocks, unpowered buildings, or Contaminate may cause inaccurate times.
  • Supply counts are checked every 10 seconds.